 Dungeon Crawl Stone Soup version 0.24.1-4-ge52af88ad5 (webtiles) character file.

Game seed: 8861036465871625976, levelgen mode: deterministic

256 Gruesph the Poker (level 6, -5/48 HPs)
             Began as a Merfolk Skald on Apr 16, 2020.
             Slain by an iguana (9 damage)
             ... on level 4 of the Dungeon.
             The game lasted 00:15:07 (4442 turns).

Gruesph the Poker (Merfolk Skald)                   Turns: 4442, Time: 00:15:07

Health: -5/48      AC:  3    Str: 13    XL:     6   Next: 15%
Magic:  6/9        EV: 12    Int: 13    God:
Gold:   92         SH:  0    Dex: 13    Spells: 8/9 levels left

rFire    . . .     SeeInvis .   a - +0 trident (curse)
rCold    . . .     Gourm    .   (no shield)
rNeg     . . .     Faith    .   b - +0 leather armour
rPois    .         Spirit   .   (no helmet)
rElec    .         Reflect  .   (no cloak)
rCorr    .         Harm     .   (no gloves)
MR       .....                  (no boots)
Stlth    ++........             (no amulet)
HPRegen  0.16/turn              (no ring)
MPRegen  0.11/turn              (no ring)

@: infused
A: change form in water, swift swim, stealthy swim
a: no special abilities


You were on level 4 of the Dungeon.
You were not hungry.

You visited 1 branch of the dungeon, and saw 4 of its levels.

You collected 92 gold pieces.

Inventory:

Hand Weapons
 a - a cursed +0 trident (weapon)
Missiles
 g - 96 stones
 k - 16 poisoned darts (quivered)
Armour
 b - a +0 leather armour (worn)
 q - a cursed +0 leather armour
Jewellery
 d - an uncursed amulet of faith {unknown}
 n - an uncursed ring of protection from fire {unknown}
 p - an uncursed ring of protection from magic {unknown}
 s - a cursed ring of protection from fire {unknown}
 t - a cursed ring of attention {unknown}
Wands
 v - a wand of digging (3)
Scrolls
 c - 3 scrolls of teleportation {unknown}
 h - 6 scrolls of identify {unknown}
 j - 2 scrolls of enchant armour {unknown}
 l - a scroll of immolation {unknown}
 x - a scroll of remove curse {unknown}
Potions
 e - 2 potions of curing {unknown}
 i - 2 potions of agility {unknown}
 m - 2 potions of lignification {unknown}
 o - a potion of might {unknown}
 r - 2 potions of berserk rage {unknown}
 u - 2 potions of heal wounds {unknown}
Comestibles
 f - 5 rations


   Skills:
 + Level 4.1 Fighting
 * Level 7.2 Polearms
 - Level 0.6 Armour
 - Level 2.6 Dodging
 - Level 2.0 Stealth
 - Level 2.0 Spellcasting
 - Level 3.2 Charms


You had 8 spell levels left.
You knew the following spells:

 Your Spells              Type           Power        Failure   Level  Hunger
a - Infusion              Chrm           #...         9%          1    ##.....

Your spell library contained the following spells:

 Spells                   Type           Power        Failure   Level  Hunger
 Song of Slaying          Chrm           #.......     13%         2    ###....
 Shroud of Golubria       Chrm/Tloc      #.....       26%         2    ###....
 Regeneration             Chrm/Necr      #.........   45%         3    ####...
 Spectral Weapon          Hex/Chrm       #.......     45%         3    ####...


Dungeon Overview and Level Annotations

Branches:
Dungeon (4/15)
 Temple: D:4-7

Altars:
Ashenzari
Elyvilon
Fedhas
Gozag
Hepliaklqana
Kikubaaqudgha
Okawaru
Sif Muna
Vehumet
Zin

Annotations:
D:3 1 runed translucent door, Grinder; Gruesph's ghost, amateur DrTm


Message History

Casting: Infusion (safe; 9% risk of failure)
Confirm with . or Enter, or press ? or * to list all spells.
You begin infusing your attacks with magical energy.
The iguana bites you!
You barely miss the iguana. The iguana barely misses you.
You hit the iguana.
The iguana is lightly wounded.
The iguana bites you.
You hit the iguana.
The iguana is moderately wounded.
The iguana bites you!
* * * LOW HITPOINT WARNING * * *
You hit the iguana.
The iguana is heavily wounded.
The iguana bites you.
* * * LOW HITPOINT WARNING * * *
You closely miss the iguana.
The iguana is heavily wounded.
The iguana bites you!
You die...

# #$####
#### .....
...# ... ...
##.#.#.#.##
#..@.......
#...l.#.#.#.
...........
####.....#.#
##........
##.#...###
#% .#. #.
..%#


You could see an iguana.

Vanquished Creatures
  An orc priest (D:3)
  Jessica (D:2)
  Ijyb (D:3)
  2 orc wizards (D:3)
  5 adders
  An ooze (D:2)
  2 worms
  3 dart slugs
  A leopard gecko (D:2)
  5 orcs
  A ball python (D:2)
  6 bats
  6 giant cockroaches
  6 goblins
  3 hobgoblins
  A frilled lizard (D:2)
  10 kobolds
  7 rats
62 creatures vanquished.

Vanquished Creatures (others)
  A withered plant (D:3)
1 creature vanquished.

Grand Total: 63 creatures vanquished

Notes
Turn   | Place    | Note
-------+----------+-------------------------------------------
     0 | D:1      | Gruesph the Merfolk Skald began the quest for the Orb.
     0 | D:1      | Reached XP level 1. HP: 16/16 MP: 3/3
   282 | D:1      | Reached XP level 2. HP: 20/23 MP: 5/5
   567 | D:1      | Reached skill level 1 in Stealth
  1027 | D:2      | Reached skill level 4 in Polearms
  1039 | D:2      | Reached XP level 3. HP: 14/28 MP: 2/6
  1372 | D:2      | Found a white marble altar of Elyvilon.
  1829 | D:2      | Noticed Jessica
  1840 | D:2      | Killed Jessica
  1840 | D:2      | Reached skill level 5 in Polearms
  1840 | D:2      | Reached XP level 4. HP: 31/35 MP: 5/7
  2037 | D:2      | Found a shattered altar of Ashenzari.
  2858 | D:3      | Reached XP level 5. HP: 39/41 MP: 4/8
  3039 | D:3      | Reached skill level 6 in Polearms
  3148 | D:3      | Found an opulent altar of Gozag.
  3148 | D:3      | Found a shimmering blue altar of Sif Muna.
  3153 | D:3      | Found a blossoming altar of Fedhas.
  3155 | D:3      | Found an iron altar of Okawaru.
  3157 | D:3      | Found a hazy altar of Hepliaklqana.
  3173 | D:3      | Found a runed translucent door.
  3174 | D:3      | Noticed Gruesph's ghost (amateur DrTm)
  3204 | D:3      | Found a glowing silver altar of Zin.
  3209 | D:3      | Found a radiant altar of Vehumet.
  3214 | D:3      | Found an ancient bone altar of Kikubaaqudgha.
  3316 | D:3      | Noticed Ijyb
  3331 | D:3      | Killed Ijyb
  3529 | D:3      | Noticed Grinder
  3982 | D:3      | Reached skill level 7 in Polearms
  3982 | D:3      | Reached XP level 6. HP: 32/48 MP: 5/9
  4442 | D:4      | Slain by an iguana

Levels and vault maps discovered:
D:1:      ncdulo_halloftheorcs, layout_basic
D:2:      layout_loops_corners, elyvilon_altar_4, ashenzari_conservatory_becter,
          chequers_serial_rivers_large_b, minmay_distorted, uniq_jessica
D:3:      layout_basic, chequers_temple_overflow_minitemple,
          minmay_overflow_temple_star_quad, gammafunk_ghost_grave, uniq_grinder,
          uniq_ijyb
D:4:      layout_loops_ring, minmay_temple_entry_wispy, first_ration,
          hangedman_decor_push

Skill      XL: |  1  2  3  4  5  6 |
---------------+-------------------+-----
Stealth        | 1 2 |  2.0
Polearms       | 4 5 7 |  7.2
Fighting       | 3 4 |  4.1
Armour         | |  0.6
Dodging        | |  2.6
Spellcasting   | |  2.0
Charms         | |  3.2

Action                   |  1- 3 |  4- 6 || total
-------------------------+-------+-------++-------
Melee: Spear             |   130 |   153 ||   283
       Trident           |       |    13 ||    13
Throw: Dart              |     4 |     1 ||     5
 Cast: Infusion          |     4 |    10 ||    14
 Stab: Sleeping          |     3 |     6 ||     9
  Eat: Chunk             |     3 |     5 ||     8
       Ration            |       |     1 ||     1
Armor: Leather armour    |    20 |    16 ||    36
Dodge: Dodged            |    61 |    56 ||   117
